 Dungeon Crawl Stone Soup version 0.30-a0-782-ge64f9170bb (webtiles) character file.

Game seed: 6656540589829492393

576 Leeroy the Slasher (level 7, -2/36 HPs)
             Began as a Vine Stalker Warper on Feb 18, 2023.
             Was a Believer of Wu Jian.
             Constricted to death by Duvessa (4 damage)
             ... on level 4 of the Dungeon.
             The game lasted 00:08:36 (3727 turns).

Leeroy the Slasher (Vine Stalker Warper)            Turns: 3727, Time: 00:08:36

Health: -2/36      AC:  6    Str: 13    XL:     7   Next: 35%
Magic:  0/10       EV: 10    Int: 13    God:    Wu Jian [**....]
Gold:   154        SH:  0    Dex: 16    Spells: 1/10 levels left

rFire   . . .      SeeInvis +    x - +1 falchion of Famine {heavy, SInv}
rCold   . . .      Faith    .    (no shield)
rNeg    . . .      Spirit   +    f - +2 robe {Will+}
rPois   +          Reflect  .    (helmet restricted)
rElec   .          Harm     .    n - +0 cloak
rCorr   .          Rampage  .    (no gloves)
Will    +....                    j - +0 pair of boots
Stlth   +                        (no amulet)
HPRegen 1.06/turn                c - ring of poison resistance
MPRegen 0.12/turn                (no ring)

@: grasped by roots, constricted
A: fangs 2, regeneration 1, magic shield, antimagic bite, no potion heal 2,
antennae 1, low MP 1
a: Renounce Religion, Wall Jump


You were on level 4 of the Dungeon.
You worshipped Wu Jian.
Wu Jian was pleased with you.
You visited 1 branch of the dungeon, and saw 4 of its levels.
You also visited: Sewer.

You collected 282 gold pieces.
You spent 128 gold pieces at shops.

Inventory:

Hand Weapons
 a - a +0 falchion
 t - a +2 hammer of holy wrath
 x - the +1 falchion of Famine (weapon) {heavy, SInv}
   (You bought it in a shop on level 1 of the Dungeon)

   SInv:      It lets you see invisible.
 G - a +2 dagger of venom
 K - the +1 hand axe "Feschism" {protect, rF++ rC- rN+}
   (You found it on level 4 of the Dungeon)

   rF:        It greatly protects you from fire.
   rC:        It makes you vulnerable to cold.
   rN:        It protects you from negative energy.
Missiles
 d - 7 boomerangs of dispersal (quivered)
 h - 3 silver javelins
 q - 9 boomerangs
 H - 4 javelins
Armour
 b - a +0 leather armour
 f - a +2 robe of willpower (worn)
 j - a +0 pair of boots (worn)
 n - a +0 cloak (worn)
 w - a +0 pair of boots
Magical Staves
 s - a staff of poison
Jewellery
 c - a ring of poison resistance (left hand)
 E - an amulet of regeneration
 F - a ring of flight
Wands
 m - a wand of polymorph (10)
Scrolls
 e - a scroll of fog
 g - 2 scrolls of immolation {unknown}
 i - 5 scrolls of noise {unknown}
 l - a scroll of fear {unknown}
 o - a scroll of poison {unknown}
 r - 2 scrolls of teleportation {unknown}
 u - a scroll of torment {unknown}
 y - 2 scrolls of amnesia {unknown}
 I - a scroll of magic mapping
 J - a scroll of vulnerability {unknown}
 L - a scroll of enchant weapon {unknown}
Potions
 k - 2 potions of curing
 p - 2 potions of resistance
 v - a potion of cancellation
 z - a potion of haste {unknown}
 A - a potion of heal wounds {unknown}
 B - a potion of might {unknown}
 C - 2 potions of invisibility {unknown}
 D - a potion of brilliance {unknown}


   Skills:
 - Level 3.0 Fighting
 - Level 5.2 Long Blades
 - Level 0.8 Throwing
 - Level 0.7 Armour
 + Level 4.0 Dodging
 + Level 2.1 Spellcasting
 - Level 3.0 Translocations


You had one spell level left.
You knew the following spells:

 Your Spells              Type           Power      Damage    Failure   Level
a - Blink                 Tloc           18%        N/A       11%         2
b - Vhi's Electric Charg  Tloc/Air       10%        N/A       38%         3
c - Manifold Assault      Tloc           9%         N/A       58%         4

Your spell library contained the following spells:

 Spells                   Type           Power      Damage    Failure   Level
 Sandblast                Erth           2%         2d4       26%         1
 Lesser Beckoning         Tloc           18%        N/A       11%         2
 Teleport Other           Tloc           9%         N/A       22%         3
 Ensorcelled Hibernation  Hex/Ice        2%         N/A       36%         2
 Passwall                 Tmut/Erth      0%         N/A       36%         2
 Ignite Poison            Fire/Tmut/Pois 1%         N/A       58%         3
 Spider Form              Tmut/Pois      1%         N/A       58%         3
 Stone Arrow              Conj/Erth      2%         3d7       58%         3
 Airstrike                Air            0%         2d(1-17)  94%         4
 Anguish                  Hex/Necr       0%         N/A       94%         4
 Sticky Flame             Conj/Fire      1%         2d3       94%         4
 Summon Lightning Spire   Summ/Air       1%         N/A       94%         4
 Arcjolt                  Conj/Air       0%         1d10      100%        5
 Lightning Bolt           Conj/Air       0%         1d11      100%        5
 Ignition                 Fire           0%         3d3       100%        8
 Maxwell's Capacitive Co  Air            0%         ∞         100%        8


Dungeon Overview and Level Annotations

Branches:
Dungeon (4/15)              Sewer (visited)
 Temple: D:4-7

Altars:
Fedhas
Ru
Uskayaw
Wu Jian

Shops:
D:1 (   D:4 [

Annotations:
D:3 1 runed translucent door, Crazy Yiuf
D:4 Dowan, Duvessa


Innate Abilities, Weirdness & Mutations

You have extremely sharp teeth.
Your natural rate of healing is unusually fast.
When hurt, damage is shared between your health and your magic reserves.
Your bite disrupts and absorbs the magic of your enemies.
Potions cannot restore your health.
You have a pair of small antennae on your head.
Your magical capacity is low. (-10% MP)


Message History

Ijyb is moderately wounded.
The grasping roots constrict you.
Ijyb zaps a wand.
The puff of flame hits you.
The grasping roots release their grip on you.
You completely miss Ijyb. Your bite misses Ijyb.
Ijyb is moderately wounded.
Duvessa zaps a wand.
The roots erupt in riotous growth!
Ijyb is unaffected.
The grasping roots grab you!
The hobgoblin is unaffected.
Duvessa is unaffected.
The grasping roots constrict you. Ijyb closely misses you.
The grasping roots constrict you.
Ijyb zaps a wand.
The puff of flame misses you.
You barely miss Ijyb. You bite Ijyb, but do no damage.
Ijyb is moderately wounded.
The grasping roots constrict you. Ijyb hits you but does no damage.
Duvessa says, "Where magic fails, the sword succeeds!"
The grasping roots constrict you. Ijyb completely misses you.
Dowan casts a spell.
Dowan blinks!
You hit Ijyb.
Ijyb is heavily wounded.
The grasping roots constrict you!
* * * LOW HITPOINT WARNING * * *
The orc priest mumbles some strange prayers to Beogh against you.
Beogh smites you!
* * * LOW HITPOINT WARNING * * *
Ijyb hits you with a +0 dagger.
* * * LOW HITPOINT WARNING * * *
The grasping roots release their grip on you.
Okay, then.
Cast which spell? (? or * to list)
You don't have enough magic to cast this spell.
Okay, then.
You slash Ijyb! You bite Ijyb.
You kill Ijyb!
The Council accepts your kill.
Duvessa says, "Where magic fails, the sword succeeds!"
Duvessa zaps a wand.
The roots erupt in riotous growth!
The grasping roots grab you!
Duvessa is unaffected.
The grasping roots constrict you.
You die...

# #.####.# #.# ... #
#....#.# #.# ...
#####...†..#######.# ....
....'.......†......# .....
#####......##########+#.....
#......# #..........
#......# #..........
#......#######o......#
####'#......@ego.....#
#.##########...e..# #.#
#......# #.# #......# #.#
######## #.# #.# #.#


You could see Duvessa, Dowan, an orc priest, an orc and a hobgoblin.

Vanquished Creatures
  Sigmund (D:4)
  A necrophage (D:4)
  Ijyb (D:4)
  Robin (D:3)
  A gnoll (D:1)
  8 adders
  9 river rats (Sewer)
  A worm (D:4)
  3 dart slugs
  6 orcs (D:3)
  11 bats
  12 endoplasms
  A giant cockroach (D:3)
  19 goblins
  12 hobgoblins
  7 jackals
  24 kobolds
  4 quokkas
  14 ball pythons
  5 frilled lizards
  17 rats
158 creatures vanquished.

Vanquished Creatures (others)
  A goblin (D:3)
  5 fungi (D:1)
6 creatures vanquished.

Grand Total: 164 creatures vanquished

Notes
Turn   | Place    | Note
-------+----------+-------------------------------------------
     0 | D:1      | Leeroy the Vine Stalker Warper began the quest for the Orb.
     0 | D:1      | Reached XP level 1. HP: 11/11 MP: 4/4
    24 | D:1      | Reached skill level 2 in Long Blades
    46 | D:1      | Reached XP level 2. HP: 8/15 MP: 3/6
   194 | D:1      | Found Golutiom's Antique Weapon Shop.
   273 | D:2      | Reached skill level 3 in Long Blades
   310 | D:2      | Reached XP level 3. HP: 14/18 MP: 7/7
   325 | D:2      | Learned a level 2 spell: Blink
   329 | D:2      | Learned a level 3 spell: Vhi's Electric Charge
   745 | D:2      | Gained mutation: Your natural rate of healing is unusually
                  | fast. [Vine Stalker growth]
   745 | D:2      | Reached XP level 4. HP: 23/23 MP: 8/8
   971 | D:2      | Reached skill level 4 in Long Blades
  1146 | D:3      | Noticed Robin
  1466 | D:3      | Found a blossoming altar of Fedhas.
  1467 | D:3      | Found an ornate altar of the Wu Jian Council.
  1515 | D:3      | Became a worshipper of the Wu Jian Council
  1550 | D:3      | Reached XP level 5. HP: 23/26 MP: 9/9
  1576 | D:3      | Killed Robin
  1647 | D:3      | Found a glowing drain.
  1656 | Sewer    | Entered a sewer
  1673 | Sewer    | Reached skill level 5 in Long Blades
  1789 | Sewer    | Reached * piety under Wu Jian
  2072 | Sewer    | Reached XP level 6. HP: 30/31 MP: 8/10
  2280 | Sewer    | Reached ** piety under Wu Jian
  2529 | Sewer    | Gained mutation: Your magical capacity is low. (-10% MP)
                  | [potion of mutation]
  2529 | Sewer    | Gained mutation: You have a pair of small antennae on your
                  | head. [potion of mutation]
  2906 | D:3      | Found a runed translucent door.
  2907 | D:3      | Noticed Crazy Yiuf
  3135 | D:1      | Bought a slimy falchion for 128 gold pieces
  3135 | D:1      | Identified the +1 falchion of Famine {heavy, SInv} (You
                  | bought it in a shop on level 1 of the Dungeon)
  3178 | D:1      | Found a faded altar of an unknown god.
  3263 | D:1      | Learned a level 4 spell: Manifold Assault
  3441 | D:4      | Noticed Sigmund
  3451 | D:4      | Killed Sigmund
  3452 | D:4      | Reached XP level 7. HP: 35/36 MP: 6/10
  3479 | D:4      | Found a sacrificial altar of Ru.
  3530 | D:4      | Found a hide-covered altar of Uskayaw.
  3545 | D:4      | Found Mumukith's Antique Armour Shoppe.
  3555 | D:4      | Identified the +1 hand axe "Feschism" {protect, rF++ rC-
                  | rN+}
  3710 | D:4      | Noticed Ijyb
  3712 | D:4      | Noticed Duvessa
  3713 | D:4      | Noticed Dowan
  3726 | D:4      | HP: 1/36 [Ijyb/+0 dagger (2)]
  3727 | D:4      | Killed Ijyb
  3727 | D:4      | Constricted to death by Duvessa

Illustrated notes

Levels and vault maps discovered:
D:1:      dpeg_arrival_windows_large_door, layout_rooms,
          hellmonk_ecumenical_altar_pennies_from_heaven, serial_shops,
          shop_statue, dreamdust_mushroom_princess
D:2:      layout_loops_ring, minmay_misc_feat_nine_boxes, st_stairs_8,
          minivault_11, minmay_puff
D:3:      layout_loops_ring, grunt_temple_overflow_open, portal_sewer_entry_d,
          grunt_decor_resistance, lemuel_flame_loot_1, uniq_crazy_yiuf_cottage,
          uniq_robin
D:4:      layout_basic, nicolae_uskayaw_murder_on_the_dancefloor,
          overflow_temple_1_default, serial_shops, shop, uniq_duvessa,
          uniq_grinder, uniq_ijyb, uniq_sigmund

Skill      XL: |  1  2  3  4  5  6  7 |
---------------+----------------------+-----
Long Blades    | 2 3 4 5 |  5.2
Fighting       | 2 3 |  3.0
Dodging        | 3 4 |  4.0
Throwing       | |  0.8
Armour         | |  0.7
Spellcasting   | |  2.1
Translocations | |  3.0

Action                     |  1- 3 |  4- 6 |  7- 9 || total
---------------------------+-------+-------+-------++-------
  Melee: Falchion          |    91 |   313 |    29 ||   433
         Bite              |    19 |    63 |     9 ||    91
         Punch             |     1 |       |     1 ||     2
Ability: Lunge             |       |     9 |     1 ||    10
         Whirlwind         |       |    26 |       ||    26
    Use: Scroll            |     1 |     4 |     1 ||     6
         Potion            |       |     1 |       ||     1
   Stab: Distracted        |     1 |       |       ||     1
         Sleeping          |     1 |       |       ||     1
 Armour: Leather armour    |    19 |       |       ||    19
         Robe              |    21 |   106 |    11 ||   138
  Dodge: Dodged            |    69 |   219 |    18 ||   306

Table legend: (Time is in decaauts)
 A = Elapsed time spent in this place.
 B = Non-inter-level travel time spent in this place.
 C = Inter-level travel time spent in this place.
 D = Time resting spent in this place.
 E = Time spent auto-exploring this place.
 F = Levels seen in this place.
 G = Mean time per level.
                   A        B        C        D        E       F      G
               +--------+--------+--------+--------+--------+-----+--------+
         Total |   3820 |   3655 |    165 |    152 |   2133 |   5 |  764.0 |
       Dungeon |   2882 |   2717 |    165 |      0 |   1801 |   4 |  720.5 |
         Sewer |    937 |    937 |      0 |    152 |    331 |   1 |  937.0 |
               +--------+--------+--------+--------+--------+-----+--------+

Top non-repeatable levels by time:
     D:3: 1055 daAuts
   Sewer: 937 daAuts
     D:2: 931 daAuts
     D:1: 543 daAuts
     D:4: 352 daAuts
